 Dungeon Crawl Stone Soup version 0.28.0-53-g5a82cb258f (webtiles) character file.

Game seed: 14117025303902263755

191 moldycheese5 the Skirmisher (level 5, 0/41 HPs)
             Began as a Demonspawn Abyssal Knight on June 17, 2022.
             Was a Follower of Lugonu.
             Slain by an ogre
             ... wielding a +0 giant spiked club
              (11 damage)
             ... on level 4 of the Dungeon.
             The game lasted 00:05:44 (4047 turns).

moldycheese5 the Skirmisher (DsAK)                  Turns: 4047, Time: 00:05:44

Health: 0/41       AC: 16    Str: 16    XL:     5   Next: 42%
Magic:  7/7        EV:  5    Int: 11    God:    Lugonu [*.....]
Gold:   61         SH:  4    Dex: 13    Spells: 4/4 levels left

rFire   . . .      SeeInvis .     - Unarmed
rCold   . . .      Faith    .   (no shield)
rNeg    . . .      Spirit   .   f - +0 plate armour
rPois   .          Reflect  .   c - +0 helmet
rElec   .          Harm     .   (no cloak)
rCorr   .          Rampage  .   (no gloves)
Will    .....                   (no boots)
Stlth   ..........              (no amulet)
HPRegen 0.13/turn               (no ring)
MPRegen 0.10/turn               (no ring)

@: no status effects
A: claws 2, icemail 1, condensation shield
a: Renounce Religion, Depart the Abyss


You were on level 4 of the Dungeon.
You worshipped Lugonu.
Lugonu was aware of your devotion.
You visited 1 branch of the dungeon, and saw 5 of its levels.
You visited the Abyss 1 time.

You collected 173 gold pieces.
You spent 112 gold pieces at shops.

Inventory:

Hand Weapons
 a - a +1 falchion
Missiles
 j - a throwing net
Armour
 b - a +0 leather armour
 c - a +0 helmet (worn)
 f - a +0 plate armour (worn)
Jewellery
 p - a ring of see invisible
Scrolls
 d - a scroll of enchant armour {unknown}
 e - a scroll of blinking {unknown}
 i - a scroll of enchant weapon {unknown}
 k - a scroll of identify {unknown}
 l - a scroll of fear {unknown}
 n - 2 scrolls of teleportation {unknown}
 q - a scroll of vulnerability {unknown}
Potions
 g - a potion of might {unknown}
 h - 2 potions of curing
 m - a potion of attraction {unknown}
 o - a potion of berserk rage


   Skills:
 + Level 3.6 Fighting
 + Level 2.3 Long Blades
 + Level 2.5 Armour
 + Level 0.9 Dodging
 + Level 0.4 Stealth
 + Level 0.7 Shields
 + Level 3.1 Unarmed Combat
 + Level 2.7 Invocations


You had 4 spell levels left.
You didn't know any spells.
Your spell library contained the following spells:

 Spells                   Type           Power      Damage    Failure   Level
 Ensorcelled Hibernation  Hex/Ice        0%         N/A       100%        2
 Spider Form              Tmut/Pois      0%         N/A       100%        3
 Stone Arrow              Conj/Erth      0%         3d7       100%        3
 Anguish                  Hex/Necr       0%         N/A       100%        4
 Animate Armour           Summ/Erth      0%         N/A       100%        4
 Lehudib's Crystal Spear  Conj/Erth      0%         10d2      100%        8


Dungeon Overview and Level Annotations

Branches:
Dungeon (5/15)             Temple (0/1) D:4

Altars:

Shops:
D:2 =[:!


Innate Abilities, Weirdness & Mutations

You have very sharp fingernails.
A meltable icy envelope protects you from harm. (AC +4)
A meltable shield of frost defends you. (SH +4)


Message History

The goblin barely misses you.
The goblin unwields a +0 club.
The goblin wields a +0 hunting sling.
The goblin shoots a stone.
The stone hits you but does no damage.
You scratch the goblin.
The goblin is moderately wounded.
The goblin no longer looks unusually strong. x2
The goblin hits you with a +0 club.
A goblin comes into view. It is wielding a +0 dagger.
You claw the goblin!
You kill the goblin!
Lugonu accepts your kill.
The goblin shoots a stone.
The stone hits you.
The goblin unwields a +0 hunting sling.
The goblin wields a +0 club.
The goblin hits you but does no damage.
Items here: ))) [[ †.
You closely miss the goblin. You block the goblin's attack.
You scratch the goblin.
The goblin is moderately wounded.
The goblin no longer looks unusually strong.
The goblin hits you with a +0 club.
You scratch the goblin.
The goblin is severely wounded.
You block the goblin's attack.
You scratch the goblin but do no damage.
The goblin is heavily wounded.
The goblin hits you but does no damage.
You claw the goblin!
You kill the goblin!
Lugonu accepts your kill.
You scratch the ogre but do no damage. You block the ogre's attack.
You scratch the ogre.
The ogre is lightly wounded.
The ogre hits you with a +0 giant spiked club!
* * * LOW HITPOINT WARNING * * *
You claw the ogre!
The ogre is moderately wounded.
You barely miss the ogre.
The ogre is moderately wounded.
The ogre hits you with a +0 giant spiked club!
You die...

#.##########..#
#. #.# #...###.
#.# #....##.
#.# #..#†...
#.# #.###.#.
#.# #. #..# #)#
#. #... #.# ##
##... #@#
...#..>. #O#
#.....


.gg #...##.. #.... ...# ##. ##.### #.# #.. ... ..#....# ### ....# ...[. +####
You could see an ogre and 2 goblins.

Vanquished Creatures
  A jelly (D:4)
  Robin (D:4)
  3 adders (D:2)
  4 gnolls (D:2)
  An ufetubus (D:5)
  A worm (D:2)
  A dart slug (D:2)
  An orc (D:2)
  7 ball pythons
  2 bats (D:1)
  6 endoplasms
  2 giant cockroaches (D:2)
  10 goblins
  9 hobgoblins
  8 jackals
  5 kobolds (D:1)
  2 quokkas (D:2)
  A frilled lizard (D:1)
  A rat (D:1)
66 creatures vanquished.

Notes
Turn   | Place    | Note
-------+----------+-------------------------------------------
     0 | Abyss:1  | moldycheese5 the Demonspawn Abyssal Knight began the quest
                  | for the Orb.
     0 | Abyss:1  | Reached XP level 1. HP: 18/18 MP: 2/2
    23 | Abyss:1  | Noticed a small abomination
    24 | D:1      | Escaped the Abyss
   422 | D:1      | Reached * piety under Lugonu
   465 | D:1      | Gained mutation: You have sharp fingernails. [demonic
                  | ancestry]
   465 | D:1      | Reached XP level 2. HP: 24/24 MP: 3/3
  1217 | D:2      | Gained mutation: A meltable shield of frost defends you.
                  | (SH +4) [demonic ancestry]
  1217 | D:2      | Reached XP level 3. HP: 14/29 MP: 5/5
  2259 | D:2      | Found Qyrph's Antique Armour Emporium.
  2386 | D:2      | Reached skill level 1 in Unarmed Combat
  2411 | D:2      | Gained mutation: A meltable icy envelope protects you from
                  | harm. (AC +4) [demonic ancestry]
  2411 | D:2      | Reached XP level 4. HP: 25/35 MP: 6/6
  2839 | D:2      | Found a faded altar of an unknown god.
  2889 | D:2      | Found Maud's Book Shop.
  2943 | D:2      | Found Hatops's Jewellery Shoppe.
  3390 | D:2      | Found Urewn's Distillery.
  3400 | D:2      | Bought a potion of berserk rage for 70 gold pieces
  3400 | D:2      | Bought a potion of curing for 42 gold pieces
  3444 | D:3      | You fall into a shaft and drop 2 floors!
  3444 | D:5      | Entered Level 5 of the Dungeon
  3819 | D:4      | Found a staircase to the Ecumenical Temple.
  3835 | D:4      | Gained mutation: You have very sharp fingernails. [demonic
                  | ancestry]
  3835 | D:4      | Reached XP level 5. HP: 28/41 MP: 7/7
  4011 | D:4      | Noticed Robin
  4033 | D:4      | Noticed an ogre
  4035 | D:4      | Killed Robin
  4047 | D:4      | Slain by an ogre

Illustrated notes

Levels and vault maps discovered:
D:1:      saegor_arrival_simple_d, layout_loops_corners, minmay_pentomino_z2
D:2:      layout_basic, ebering_ecumenical_altar_hall, serial_shops,
          nicolae_shop_stone, shop_coins, nicolae_lakefront_shop, shop_statue,
          chequers_avenue
D:3:      layout_rooms, mainiacjoe_overflow_swirl, grunt_decor_one_mirror,
          minmay_misc_feat_encased, uniq_sigmund
D:4:      layout_basic, minmay_temple_entry_wispy, uniq_robin
D:5:      layout_loops_corners, mainiacjoe_overflow_cross_hatched, uniq_menkaure

Skill      XL: |  1  2  3  4  5 |
---------------+----------------+-----
Long Blades    | 2 |  2.3
Armour         | 2 |  2.5
Unarmed Combat | 1 2 3 |  3.1
Fighting       | |  3.6
Dodging        | |  0.9
Stealth        | |  0.4
Shields        | |  0.7
Invocations    | |  2.7

Action                   |  1- 3 |  4- 6 || total
-------------------------+-------+-------++-------
Melee: Falchion          |    18 |       ||    18
       Unarmed           |   136 |   134 ||   270
       Punch             |     2 |     3 ||     5
Invok: Depart the Abyss  |     1 |       ||     1
Armor: Leather armour    |    14 |       ||    14
       Plate armour      |    95 |    71 ||   166
Dodge: Dodged            |    43 |    31 ||    74
Block: Other             |    20 |    17 ||    37
